 Dungeon Crawl Stone Soup version 0.31-a0-175-g9f7f995f2b (webtiles) character file.

Game seed: 7603883402570102612

34 qw the Shooter (level 3, -2/32 HPs)
             Began as a Naga Hunter on June 17, 2023.
             Slain by Natasha (7 damage)
             ... on level 2 of the Dungeon.
             The game lasted 00:00:19 (981 turns).

qw the Shooter (Naga Hunter)                         Turns: 981, Time: 00:00:19

Health: -2/32      AC:  2    Str: 13    XL:     3   Next: 31%
Magic:  3/3        EV:  9    Int:  9    God:
Gold:   48         SH:  0    Dex: 16    Spells: 2/2 levels left

rFire   . . .        Y - +0 shortbow
rCold   . . .        (shield currently unavailable)
rNeg    . . .        c - +0 leather armour
rPois   +            (no helmet)
rElec   .            (no cloak)
rCorr   .            (no gloves)
SInv    +            (no barding)
Will    .....        (no amulet)
Stlth   ++           (no ring)
HPRegen 0.25/turn    (no ring)
MPRegen 0.08/turn

%: no passive effects
@: short of breath, slowed, very slow
A: AC +1, large, see invisible, deformed body, poison resistance, slowness 2,
spit poison 1, naga tail 1
a: Spit Poison


You were on level 2 of the Dungeon.
You visited 1 branch of the dungeon, and saw 2 of its levels.

You collected 48 gold pieces.


Innate Abilities, Weirdness & Mutations

Your serpentine skin is tough. (AC +1)
You have supernaturally acute eyesight. (SInv)
Armour fits poorly on your strangely shaped body.
Your system is resistant to poisons. (rPois)
You cover ground very slowly.
You can spit poison.
You have a snake-like lower body.


   Skills:
 - Level 2.0 Fighting
 + Level 4.6 Ranged Weapons
 - Level 1.5 Dodging
 - Level 1.5 Stealth


You had 2 spell levels left.
You didn't know any spells.
Your spell library was empty.

Inventory:

Hand Weapons
 Y - a +0 shortbow (weapon)
Armour
 c - a +0 leather armour (worn)
Potions
 g - a potion of enlightenment {unknown}
 h - a potion of magic {unknown}
 i - a potion of degeneration {unknown}
 j - a potion of mutation {unknown}

Dungeon Overview and Level Annotations

Branches:
Dungeon (2/15)

Altars:

Annotations:
D:2 Natasha


Message History

The splash of poison misses Natasha.
You shoot an arrow. The arrow hits Natasha!
Natasha is severely wounded.
You have got your breath back.
Natasha mumbles some strange words.
976 ||| INVOKING Spit Poison.
Aiming: Spit Poison (2% risk of failure)
Press: ? - help, Shift-Dir - straight line, f/p - Natasha The splash of poison misses Natasha.
The cerulean imp hits you but does no damage.
Natasha closely misses you.
You shoot an arrow. The arrow hits Natasha.
Natasha is almost dead.
The cerulean imp hits you with a +1 spear.
Natasha claws you but does no damage.
The cerulean imp hits you with a +1 spear.
Natasha stares at you and mumbles some strange words.
You resist with some effort.
You shoot an arrow. The arrow closely misses Natasha.
You have got your breath back.
The cerulean imp hits you with a +1 spear.
Natasha claws you. The cerulean imp barely misses you.
Natasha barely misses you.
979 ||| INVOKING Spit Poison.
Aiming: Spit Poison (2% risk of failure)
Press: ? - help, Shift-Dir - straight line, f/p - Natasha The splash of poison misses Natasha.
The cerulean imp hits you with a +1 spear.
Natasha claws you!
You shoot an arrow. The arrow closely misses Natasha.
The cerulean imp closely misses you.
Natasha howls an incantation.
Natasha glows brightly for a moment.
Natasha closely misses you. The cerulean imp closely misses you.
Natasha barely misses you.
You shoot an arrow. The arrow barely misses Natasha.
The cerulean imp hits you with a +1 spear.
A goblin comes into view. It is wielding a +0 club.
Natasha claws you!
You die...

. . ...... g# .
###########..... .#.
.###..............# ....
#^...####### .....#>....
#<#### ...$#)..:. #.#
......... ..#
########5h...... ..#
#.......@...#
..#######.#........#....
.....................# .
.)#########.............
..# #####..#...... ..#
#.##...... ..# ...
..#### ### .#..### # ..


You could see Natasha, a cerulean imp (summoned) and a goblin (wandering).

Vanquished Creatures
  A dart slug (D:1)
  4 endoplasms (D:1)
  2 giant cockroaches (D:1)
  5 goblins (D:1)
  5 hobgoblins
  4 kobolds
  A quokka (D:1)
  3 ball pythons (D:1)
  A rat (D:1)
26 creatures vanquished.

Notes
Turn   | Place    | Note
-------+----------+-------------------------------------------
     0 | D:1      | qw the Naga Hunter began the quest for the Orb.
     0 | D:1      | Reached XP level 1. HP: 19/19 MP: 1/1
     0 | D:1      | 0 ||| qw: Version: 0.3-a-2-g5ab2908
     0 | D:1      | 0 ||| qw: Game counter: 311
     0 | D:1      | 0 ||| qw: Always use a shield: true
     0 | D:1      | 0 ||| qw: God list: Okawaru
     0 | D:1      | 0 ||| qw: Allow faded altars: false
     0 | D:1      | 0 ||| qw: Do Orc after D:15 true
     0 | D:1      | 0 ||| qw: Do second Lair branch before Depths: true
     0 | D:1      | 0 ||| qw: Lair rune preference: random
     0 | D:1      | 0 ||| qw: Plans: Normal
     0 | D:1      | 0 ||| PLANNING D:1-11
   203 | D:1      | 203 ||| INVOKING Spit Poison.
   209 | D:1      | 209 ||| INVOKING Spit Poison.
   210 | D:1      | Reached skill level 4 in Ranged Weapons
   210 | D:1      | Reached XP level 2. HP: 26/26 MP: 2/2
   275 | D:1      | 275 ||| INVOKING Spit Poison.
   350 | D:1      | 350 ||| INVOKING Spit Poison.
   372 | D:1      | 372 ||| INVOKING Spit Poison.
   373 | D:1      | 373 ||| INVOKING Spit Poison.
   387 | D:1      | 387 ||| INVOKING Spit Poison.
   491 | D:1      | 491 ||| INVOKING Spit Poison.
   495 | D:1      | 495 ||| INVOKING Spit Poison.
   612 | D:1      | 612 ||| INVOKING Spit Poison.
   656 | D:1      | 656 ||| INVOKING Spit Poison.
   662 | D:1      | Reached XP level 3. HP: 32/32 MP: 3/3
   662 | D:1      | 662 ||| INVOKING Spit Poison.
   725 | D:1      | 725 ||| INVOKING Spit Poison.
   871 | D:1      | 871 ||| INVOKING Spit Poison.
   927 | D:1      | 927 ||| READING scroll labelled ICAMUL YQAOMU.
   928 | D:1      | 928 ||| READING scroll labelled GIFIAS HUIREF.
   929 | D:1      | 929 ||| READING scroll labelled QEFEUM RELU.
   930 | D:1      | 930 ||| DROPPING scroll of butterflies.
   936 | D:2      | 936 ||| INVOKING Spit Poison.
   958 | D:2      | 958 ||| INVOKING Spit Poison.
   970 | D:2      | 970 ||| INVOKING Spit Poison.
   972 | D:2      | Noticed Natasha
   973 | D:2      | 973 ||| INVOKING Spit Poison.
   974 | D:2      | 974 ||| INVOKING Spit Poison.
   976 | D:2      | 976 ||| INVOKING Spit Poison.
   979 | D:2      | 979 ||| INVOKING Spit Poison.
   981 | D:2      | HP: 5/32 [cerulean imp/+1 spear[Natasha] (4)]
   981 | D:2      | Slain by Natasha

Levels and vault maps discovered:
D:1:      dpeg_arrival_arbitrary_a, layout_loops_corners, minmay_unequal
D:2:      layout_rooms, serial_undead, serial_undead_d, serial_undead_e,
          serial_undead_d, serial_undead_c, uniq_natasha

Skill      XL: |  1 |
---------------+----+-----
Ranged Weapons | 4 |  4.6
Fighting       | |  2.0
Dodging        | |  1.5
Stealth        | |  1.5

Action                     || total
---------------------------++-------
   Fire: Shortbow          ||    51
Ability: Spit Poison       ||    19
    Use: Scroll            ||     3
 Armour: Leather armour    ||     4
  Dodge: Dodged            ||     9

Table legend:
 A = Non-vault XP
 B = Vault XP
 C = Vault XP percentage of total XP
 D = Non-vault monster count
 E = Vault monster count
 F = Vault count percentage of total count
                 A         B        C        D         E       F
            +---------+---------+-------+---------+---------+-------
      Total |      43 |       6 |  12.2 |      23 |       3 |  11.5
            +---------+---------+-------+---------+---------+-------
        D:1 |      35 |       6 |  14.6 |      19 |       3 |  13.6
        D:2 |       8 |       0 |   0.0 |       4 |       0 |   0.0
            +---------+---------+-------+---------+---------+-------
